 Dungeon Crawl Stone Soup version 0.26-a0-504-g0cf647090d (webtiles) character file.

Game seed: 6699061142700355980

32 ANON1729 the Sneak (level 3, 0/22 HPs)
             Began as a Kobold Brigand on Aug 8, 2020.
             Slain by an adder (4 damage)
             ... on level 2 of the Dungeon.
             The game lasted 00:01:01 (1026 turns).

ANON1729 the Sneak (Kobold Brigand)                 Turns: 1026, Time: 00:01:02

Health: 0/22       AC:  3    Str:  8    XL:     3   Next: 42%
Magic:  3/3        EV: 15    Int: 12    God:
Gold:   126        SH:  0    Dex: 17    Spells: 2/2 levels left

rFire    . . .     SeeInvis .   a - +2 dagger
rCold    . . .     Faith    .   (shield restricted)
rNeg     . . .     Spirit   .   b - +0 robe
rPois    .         Reflect  .   (no helmet)
rElec    .         Harm     .   c - +0 cloak
rCorr    .                      (no gloves)
MR       .....                  (no boots)
Stlth    ++++......             (no amulet)
HPRegen  0.07/turn              (no ring)
MPRegen  0.08/turn              (no ring)

@: lethally poisoned (0 -> -5)
A: small, nightstalker 3
a: no special abilities


You were on level 2 of the Dungeon.
You visited 1 branch of the dungeon, and saw 2 of its levels.

You collected 126 gold pieces.

Inventory:

Hand Weapons
 a - a +2 dagger (weapon)
Missiles
 d - 5 poisoned darts (quivered)
 e - 2 curare-tipped darts
 j - 8 datura-tipped darts
Armour
 b - a +0 robe (worn)
 c - a +0 cloak (worn)
Scrolls
 f - a scroll of remove curse {unknown}
 g - a scroll of teleportation {unknown}
 k - a scroll of enchant weapon {unknown}
 l - a scroll of immolation {unknown}
 m - a scroll of identify {unknown}
Potions
 h - 4 potions of curing {unknown}
 i - 4 potions of lignification {unknown}


   Skills:
 + Level 2.5 Fighting
 * Level 3.3 Short Blades
 + Level 2.5 Throwing
 + Level 1.8 Dodging
 * Level 5.7 Stealth


You had 2 spell levels left.
You didn't know any spells.
Your spell library was empty.

Dungeon Overview and Level Annotations

Branches:
Dungeon (2/15)

Altars:
Nemelex Xobeh


Innate Abilities, Weirdness & Mutations

You are small and have problems with some larger weapons.
You are completely attuned to the shadows.


Message History

Aim: an adder (severely wounded)
You throw a poisoned dart.
The poisoned dart closely misses the adder.
The adder bites you.
* * * LOW HITPOINT WARNING * * *
You are lethally poisoned!
The adder poisons you! The adder completely misses you.
* * * LOW HITPOINT WARNING * * *
You feel sick.
You see here a bat corpse.
A hobgoblin comes into view. It is wielding a +0 club.
* * * LOW HITPOINT WARNING * * *
You feel sick. The adder misses you.
Throwing (i - inventory. (/) - cycle)
d - 6 poisoned darts (quivered)
Press: ? - help, Shift-Dir - straight line, f/p - adder
Aim: an adder (severely wounded)
You throw a poisoned dart.
The poisoned dart completely misses the adder.
The poisoned dart hits the goblin.
The goblin is poisoned.
The adder bites you.
You die...

.....## .... #
####..#### .
#.....# ..
#.###.# .
.....###.##...
.
.............
.
.............
#
.....#.......
....@Sg......
.....#g......
.....#.......
.g...##<..#..
........####(


You could see an adder, a hobgoblin (asleep) and 2 goblins.

Vanquished Creatures
  An adder (D:2)
  A dart slug (D:1)
  4 giant cockroaches
  4 hobgoblins
  A kobold (D:2)
  A ball python (D:1)
  2 bats
  A frilled lizard (D:2)
  3 goblins
  A rat (D:2)
19 creatures vanquished.

Notes
Turn   | Place    | Note
-------+----------+-------------------------------------------
     0 | D:1      | ANON1729 the Kobold Brigand began the quest for the Orb.
     0 | D:1      | Reached XP level 1. HP: 12/12 MP: 1/1
   182 | D:1      | Reached XP level 2. HP: 15/18 MP: 2/2
   696 | D:2      | Reached XP level 3. HP: 12/22 MP: 3/3
   841 | D:2      | Found a sparkling altar of Nemelex Xobeh.
  1026 | D:2      | Slain by an adder

Illustrated notes

Levels and vault maps discovered:
D:1:      grunt_arrival_lava_bath, layout_loops_ring, minmay_tromino_v7
D:2:      layout_rooms, nemelex_xobeh_ov_fountains_minmay, lemuel_doored_altar,
          nicolae_underground_beach

Skill      XL: |  1  2 |
---------------+-------+-----
Short Blades   | 3 |  3.3
Fighting       | |  2.5
Throwing       | |  2.5
Dodging        | |  1.8
Stealth        | |  5.7

Action                   || total
-------------------------++-------
Melee: Dagger            ||    77
Throw: Dart              ||     3
 Stab: Sleeping          ||     7
Armor: Robe              ||    11
Dodge: Dodged            ||    56

Table legend: (Time is in decaauts)
 A = Elapsed time spent in this place.
 B = Non-inter-level travel time spent in this place.
 C = Inter-level travel time spent in this place.
 D = Time resting spent in this place.
 E = Time spent auto-exploring this place.
 F = Levels seen in this place.
 G = Mean time per level.
                   A        B        C        D        E       F      G
               +--------+--------+--------+--------+--------+-----+--------+
         Total |   1012 |    989 |     23 |    180 |    664 |   2 |  506.0 |
       Dungeon |   1012 |    989 |     23 |    180 |    664 |   2 |  506.0 |
               +--------+--------+--------+--------+--------+-----+--------+

Top non-repeatable levels by time:
     D:1: 654 daAuts
     D:2: 358 daAuts
